 Dungeon Crawl Stone Soup version 0.22-a0-351-g29664b4 (webtiles) character file.

109 vishdafish the Charmwright (level 4, 0/34 HPs)
             Began as a Demonspawn Skald on Apr 12, 2018.
             Succumbed to a worker ant's poison
             ... on level 2 of the Dungeon.
             The game lasted 00:05:09 (2183 turns).

vishdafish the Charmwright (Demonspawn Skald)       Turns: 2183, Time: 00:05:10

Health: 0/34       AC:  3    Str: 11    XL:     4   Next: 59%
Magic:  5/7        EV: 12    Int: 15    God:
Gold:   97         SH:  0    Dex: 13    Spells: 6/7 levels left

rFire    . . .     SeeInvis .   a - +0 spear
rCold    . . .     Gourm    .   (no shield)
rNeg     . . .     Faith    .   b - +0 leather armour
rPois    .         Spirit   .   (no helmet)
rElec    .         Reflect  .   (no cloak)
rCorr    .         Harm     .   (no gloves)
MR       .....                  (no boots)
Stlth    +.........             (no amulet)
HPRegen  0.11/turn              (no ring)
MPRegen  0.10/turn              (no ring)

@: lethally poisoned (0 -> -10), infused (expiring), hasted, very quick
A: talons 2
a: no special abilities


You were on level 2 of the Dungeon.
You were very hungry.

You visited 1 branch of the dungeon, and saw 3 of its levels.

You collected 97 gold pieces.

Inventory:

Hand Weapons
 a - a +0 spear (weapon)
Armour
 b - a +0 leather armour (worn)
 c - a +0 buckler
Scrolls
 e - a scroll of enchant armour {unknown}
 g - 2 scrolls of remove curse {unknown}
 h - a scroll of identify {unknown}
 i - 4 scrolls of magic mapping {unknown}
 j - a scroll of fear {unknown}
 k - 2 scrolls of random uselessness {unknown}
 l - a scroll of enchant weapon {unknown}
Comestibles
 d - 6 rations


   Skills:
 + Level 2.6 Fighting
 + Level 2.5 Polearms
 - Level 1.2 Armour
 + Level 2.4 Dodging
 * Level 1.6 Shields
 - Level 2.1 Spellcasting
 - Level 3.0 Charms


You had 6 spell levels left.
You knew the following spells:

 Your Spells              Type           Power        Failure   Level  Hunger
a - Infusion              Chrm           ##..         9%          1    #......


Dungeon Overview and Level Annotations

Branches:
Dungeon (3/15)

Altars:
Ru

Annotations:
D:2 Terence


Innate Abilities, Weirdness & Mutations

You have razor-sharp toenails.


Message History

You feel sick.
You feel yourself speed up.
* * * LOW HITPOINT WARNING * * *
You feel sick. The leopard gecko barely misses you.
* * * LOW HITPOINT WARNING * * *
You feel sick.
* * * LOW HITPOINT WARNING * * *
You feel sick.
* * * LOW HITPOINT WARNING * * *
You feel sick.
* * * LOW HITPOINT WARNING * * *
You feel sick.
* * * LOW HITPOINT WARNING * * *
You feel sick.
Your magical infusion is running out.
* * * LOW HITPOINT WARNING * * *
You feel sick.
* * * LOW HITPOINT WARNING * * *
You feel sick.
You die...

...####.#
#.#....##
#.......##
###........###.#
..?...........S#
#.....>..#
##......##
##..@.## ##.#@#
...#.# #.#.#.#
#.#.#.# # #.#l#
#.#.# #a# #.#
#.#


You could see Terence (wandering), a worker ant and a leopard gecko.

Vanquished Creatures
  An orc priest (D:3)
  3 adders (D:3)
  An ooze (D:2)
  An adder skeleton (D:2)
  2 leopard geckos
  4 orcs (D:3)
  5 bats
  2 giant cockroaches
  2 hobgoblins
  A quokka (D:3)
  3 frilled lizards
  8 goblins
  5 kobolds
  3 rats (D:1)
41 creatures vanquished.

Notes
Turn   | Place    | Note
-------+----------+-------------------------------------------
     0 | D:1      | vishdafish the Demonspawn Skald began the quest for the Orb.
     0 | D:1      | Reached XP level 1. HP: 16/16 MP: 3/3
   262 | D:1      | Reached skill level 1 in Armour
   439 | D:1      | Gained mutation: You have sharp toenails. [demonic ancestry]
   439 | D:1      | Reached XP level 2. HP: 22/22 MP: 5/5
   968 | D:2      | Reached skill level 3 in Charms
   987 | D:2      | Reached XP level 3. HP: 20/27 MP: 1/6
  1016 | D:2      | Noticed Terence
  1415 | D:3      | Reached skill level 1 in Shields
  1415 | D:3      | Gained mutation: You have razor-sharp toenails. [demonic ancestry]
  1415 | D:3      | Reached XP level 4. HP: 22/34 MP: 2/7
  1887 | D:3      | Found a sacrificial altar of Ru.
  1887 | D:3      | Noticed a black bear
  1888 | D:3      | Noticed a gnoll sergeant
  1990 | D:2      | HP: 1/34 [kobold (2)]
  2182 | D:2      | HP: 1/34 [poisoned by a worker ant]
  2183 | D:2      | Succumbed to a worker ant's poison

Vault maps used:
D:1:      zaba_arrival_water
D:2:      uniq_terence, uniq_robin
D:3:      lemuel_round_altar

Skill      XL: |  1  2  3 |
---------------+----------+-----
Armour         | 1 |  1.2
Polearms       | 2 |  2.5
Dodging        | 2 |  2.4
Charms         | 3 |  3.0
Shields        | 1 |  1.6
Fighting       | |  2.6
Spellcasting   | |  2.1

Action                   |  1- 3 |  4- 6 || total
-------------------------+-------+-------++-------
Melee: Spear             |   110 |    35 ||   145
       Kick              |    10 |     5 ||    15
 Cast: Infusion          |     5 |     5 ||    10
  Use: Potion            |     3 |     1 ||     4
 Stab: Sleeping          |     1 |       ||     1
  Eat: Chunk             |     2 |     1 ||     3
Armor: Leather armour    |    27 |     3 ||    30
Dodge: Dodged            |    45 |    17 ||    62

Table legend:
 A = Spawn XP
 B = Non-spawn XP
 C = Spawn XP percentage of total XP
 D = Spawn monster count
 E = Non-spawn monster count
 F = Spawn count percentage of total count
 G = Total turns spent on level
                    A         B        C        D         E        F      G
               +---------+---------+-------+---------+---------+-------+---------
         Total |       0 |     156 |   0.0 |       0 |      41 |   0.0 |  2183
               +---------+---------+-------+---------+---------+-------+---------
           D:1 |       0 |      20 |   0.0 |       0 |      14 |   0.0 |  1122
           D:2 |       0 |      26 |   0.0 |       0 |       9 |   0.0 |   365
           D:3 |       0 |     110 |   0.0 |       0 |      18 |   0.0 |   696
               +---------+---------+-------+---------+---------+-------+---------
